 Dungeon Crawl Stone Soup version 0.24.1 (webtiles) character file.

Game seed: 3961551390356016651, levelgen mode: deterministic

5984 Curus the Severer (level 10, 0/77 HPs)
             Began as a Green Draconian Berserker on Apr 7, 2020.
             Was an Elder of Trog.
             Slain by a bullfrog (4 damage)
             ... on level 9 of the Dungeon.
             The game lasted 00:47:52 (7122 turns).

Curus the Severer (Green Draconian Berserker)       Turns: 7122, Time: 00:47:53

Health: 0/77       AC:  8    Str: 21    XL:     10   Next: 55%
Magic:  10/10      EV: 13    Int:  7    God:    Trog [****..]
Gold:   532        SH:  0    Dex: 13    Spells: 9/9 levels left

rFire    . . .     SeeInvis .   i - +1 war axe
rCold    . . .     Gourm    .   (no shield)
rNeg     + . .     Faith    .   (armour unavailable)
rPois    +         Spirit   .   (helmet restricted)
rElec    .         Reflect  .   (no cloak)
rCorr    .         Harm     .   h - +0 pair of gloves
MR       ++...     Rnd*Tele +   (no boots)
Stlth    +.........             d - amulet of regeneration
HPRegen  1.62/turn              g - ring of positive energy
MPRegen  0.12/turn              j - ring of teleportation (curse)

@: short of breath, regenerating, glowing
A: breathe noxious fumes, unfitting armour, poison resistance, cold-blooded, AC
+7
a: Breathe Noxious Fumes, Berserk, Trog's Hand, Brothers in Arms, Renounce
Religion


You were on level 9 of the Dungeon.
You worshipped Trog.
Trog was greatly pleased with you.
You were hungry.

You visited 1 branch of the dungeon, and saw 9 of its levels.

You collected 532 gold pieces.

Inventory:

Hand Weapons
 a - a +2 hand axe
 i - a +1 war axe (weapon)
 o - a +2 scimitar of slicing
Armour
 h - a +0 pair of gloves (worn)
Jewellery
 d - an amulet of regeneration (around neck)
 g - a ring of positive energy (left hand)
 j - a cursed ring of teleportation (right hand)
Wands
 e - a wand of flame (27)
 f - a wand of paralysis (8)
 m - a wand of polymorph (5)
Scrolls
 c - 10 scrolls of identify
 l - a scroll of teleportation
 p - a scroll of fog
Potions
 n - 2 potions of magic
 q - a potion of agility
Comestibles
 b - 15 rations
 k - 4 chunks of flesh


   Skills:
 - Level 3.2 Fighting
 + Level 15.3 Axes
 - Level 2.6 Dodging


You had 9 spell levels left.
You didn't know any spells.
Your spell library was empty.

Dungeon Overview and Level Annotations

Branches:
Dungeon (9/15)             Temple (0/1) D:7
   Lair: D:8-11         Orc: D:9-12

Altars:
Ashenzari
Dithmenos
Elyvilon
Fedhas
Gozag
Hepliaklqana
Nemelex Xobeh
Ru
Sif Muna
Wu Jian
Xom
Zin

Shops:
D:6 :


Innate Abilities, Weirdness & Mutations

You can breathe blasts of noxious fumes.
Your lurid green scales are hard. (AC +7)
You cannot fit into any form of body armour.
Your system is resistant to poisons. (rPois)
You are cold-blooded and may be slowed by cold attacks.


Message History

* * * LOW HITPOINT WARNING * * *
x2 Unknown command.
Your skin crawls.
You feel resistant to hostile enchantments.
You are feeling hungry.
The bullfrog hits you but does no damage.
The gnoll sergeant is engulfed in noxious fumes.
The gnoll sergeant appears confused.
Okay, then.
You barely miss the bullfrog. You tail-slap the bullfrog.
The bullfrog is moderately wounded.
The bullfrog hits you.
* * * LOW HITPOINT WARNING * * *
The bullfrog hits you but does no damage.
You hit the bullfrog.
The bullfrog is heavily wounded.
The angel rambles incoherently.
The gnoll sergeant is engulfed in noxious fumes.
The gnoll sergeant appears confused.
The bullfrog hits you.
You die...

#.# .# ###.#.#.## #.# .#
#......... #.#
##.####........#.
#.######........#.#..#.#
#.........._......#.#.##
########..#####..###.###
....○○##).#...#..# #.#
......○g..#.A.#... #.#
.####.##@.#...#... ..#
#...F.#####..
..........._....
.######......!.#
#.#..##### #.#$.# .....#
#.##.#


You could see an angel (confused), a gnoll sergeant (confused) and a bullfrog.

Vanquished Creatures
  The ghost of mishael the Spear-Bearer, a novice MfFi of Trog (D:8)
  A troll (D:6)
  A polar bear (D:8)
  A hippogriff (D:9)
  3 spriggans (D:8)
  The ghost of VPR the Skirmisher, an amateur HOFi (D:3)
  Eustachio (D:4)
  A water moccasin (D:6)
  2 phantoms
  An eye of draining (D:6)
  2 black bears
  3 ogres
  3 orc warriors
  3 ice beasts
  2 centaurs
  Blork the orc (D:8)
  5 bullfrogs
  A gnoll sergeant (D:7)
  5 scorpions
  4 killer bees (D:8)
  5 wights
  A howler monkey (D:6)
  2 crimson imps
  A bullfrog zombie (D:5)
  2 orc priests
  3 jellies
  A bullfrog skeleton (D:6)
  3 hounds
  12 orc wizards
  Ijyb (D:3)
  3 iguanas (D:6)
  Natasha (thrice) (D:4)
  7 worker ants
  A hound skeleton (D:5)
  A howler monkey zombie (D:6)
  3 worker ant zombies
  14 gnolls
  13 adders
  A howler monkey skeleton (D:6)
  4 shadow imps (D:5)
  3 oozes
  3 worms
  An adder skeleton (D:6)
  3 dart slugs
  4 leopard geckos
  20 orcs
  5 giant cockroaches
  16 goblins
  6 hobgoblins
  13 jackals
  4 quokkas
  A ball python (D:6)
  10 bats
  5 frilled lizards
  A jackal skeleton (D:8)
  8 kobolds
  2 quokka skeletons
  7 rats
  A plant (D:2)
236 creatures vanquished.

Vanquished Creatures (collateral kills)
  2 wights (D:8)
2 creatures vanquished.

Vanquished Creatures (others)
  5 plants (D:8)
5 creatures vanquished.

Grand Total: 243 creatures vanquished

Notes
Turn   | Place    | Note
-------+----------+-------------------------------------------
     0 | D:1      | Curus the Draconian Berserker began the quest for the Orb.
     0 | D:1      | Reached XP level 1. HP: 19/19 MP: 1/1
   108 | D:1      | Reached XP level 2. HP: 25/26 MP: 2/2
   510 | D:1      | Reached skill level 4 in Axes
  1040 | D:2      | Reached XP level 3. HP: 25/31 MP: 3/3
  1163 | D:2      | Reached ** piety under Trog
  1194 | D:2      | Reached skill level 5 in Axes
  1194 | D:2      | Reached XP level 4. HP: 8/38 MP: 4/4
  1464 | D:2      | Reached XP level 5. HP: 25/45 MP: 5/5
  1922 | D:3      | Noticed Ijyb
  1941 | D:3      | Killed Ijyb
  1941 | D:3      | Reached skill level 6 in Axes
  2017 | D:3      | Found an opulent altar of Gozag.
  2017 | D:3      | Noticed VPR's ghost (amateur HOFi)
  2018 | D:3      | Found a runed translucent gate.
  2018 | D:3      | Found a runed translucent gate.
  2018 | D:3      | Found a runed translucent gate.
  2186 | D:3      | Paralysed by a kobold for 3 turns
  2231 | D:3      | Found a sparkling altar of Nemelex Xobeh.
  2233 | D:3      | Found a sacrificial altar of Ru.
  2448 | D:3      | Reached XP level 6. HP: 45/51 MP: 6/6
  2471 | D:3      | Reached *** piety under Trog
  2741 | D:4      | Reached skill level 7 in Axes
  2760 | D:4      | Noticed Natasha
  2777 | D:4      | Killed Natasha
  2856 | D:4      | Noticed Eustachio
  2874 | D:4      | Killed Eustachio
  2874 | D:4      | Reached skill level 8 in Axes
  2874 | D:4      | Your scales start taking on a lurid green colour.
  2874 | D:4      | Reached XP level 7. HP: 32/57 MP: 7/7
  2874 | D:4      | Gained mutation: Your system is resistant to poisons.
                  | (rPois) [Green Draconian growth]
  2997 | D:3      | Killed VPR's ghost
  3107 | D:4      | Noticed Natasha
  3110 | D:4      | Killed Natasha
  3110 | D:4      | Reached skill level 9 in Axes
  3226 | D:4      | Noticed Natasha
  3234 | D:4      | Killed Natasha
  3323 | D:5      | Entered Level 5 of the Dungeon
  3324 | D:5      | Found a shadowy altar of Dithmenos.
  3342 | D:5      | Reached **** piety under Trog
  3342 | D:5      | Reached XP level 8. HP: 30/63 MP: 8/8
  3432 | D:5      | Reached skill level 10 in Axes
  3699 | D:5      | Reached skill level 11 in Axes
  4135 | D:6      | Received a gift from Trog
  4154 | D:6      | Found Fuher's Book Emporium.
  4190 | D:6      | Found a blossoming altar of Fedhas.
  4328 | D:6      | Reached skill level 12 in Axes
  4328 | D:6      | Reached XP level 9. HP: 17/70 MP: 9/9
  4380 | D:6      | Found a hazy altar of Hepliaklqana.
  4446 | D:6      | Noticed a troll
  4454 | D:6      | Killed a troll
  4553 | D:6      | Found a shimmering altar of Xom.
  4686 | D:6      | Found a white marble altar of Elyvilon.
  5022 | D:7      | Found a shattered altar of Ashenzari.
  5034 | D:7      | Reached ***** piety under Trog
  5042 | D:7      | Reached skill level 13 in Axes
  5108 | D:7      | Found an ornate altar of the Wu Jian Council.
  5268 | D:7      | Found a staircase to the Ecumenical Temple.
  5687 | D:8      | Received a gift from Trog
  5856 | D:8      | Found a shimmering blue altar of Sif Muna.
  6037 | D:8      | Reached skill level 14 in Axes
  6041 | D:8      | Noticed Blork the orc
  6050 | D:8      | Killed Blork the orc
  6053 | D:8      | Reached XP level 10. HP: 47/77 MP: 10/10
  6182 | D:8      | Noticed mishael's ghost (novice MfFi)
  6183 | D:8      | Found a runed translucent door.
  6184 | D:8      | Identified the cursed +2 spear "Trog's Righteous Anger"
                  | {pierce, +Blink rElec Int-2 Stlth+}
  6753 | D:8      | Killed mishael's ghost
  6810 | D:8      | Reached skill level 15 in Axes
  7022 | D:9      | Noticed an angel
  7023 | D:9      | Found a shimmering altar of Xom.
  7089 | D:9      | Found a glowing silver altar of Zin.
  7119 | D:9      | HP: 3/77 [gnoll sergeant/+4 spear of piercing (8)]
  7122 | D:9      | Slain by a bullfrog

Levels and vault maps discovered:
D:1:      lightli_arrival_lavapool, layout_basic
D:2:      layout_basic, serial_bayou_lagoon_b
D:3:      layout_basic, chequers_temple_overflow_statue_of_worship,
          ebering_ghost_gozag, uniq_ijyb
D:4:      layout_rooms, first_ration, minmay_ogre_servants, uniq_eustachio,
          uniq_natasha
D:5:      layout_rooms, nicolae_dithmenos_shadow_blocks, kennysheep_crisscross
D:6:      layout_loops_ring, old_standard_altar, fedhas_altar_1,
          marbit_many_paths, serial_shops, nicolae_shop_trees, dk_xom_monty_hall
D:7:      layout_loops_ring, kennysheep_little_box, cheibrodos_ashenzari_chains,
          minmay_temple_entry_mini_moons
D:8:      layout_loops_ring, tgw_sif, ebering_ghost_funeral_grove,
          grunt_ogre_cave, sword_in_stone
D:9:      layout_loops_ring, grunt_temple_overflow_order_and_chaos_1,
          makhleb_heckhound_becter, gammafunk_ghost_necromancy

Skill      XL: |  1  2  3  4  5  6  7  8  9 10 |
---------------+-------------------------------+-----
Axes           | 4 5 6 8 9 12 14 15 | 15.3
Fighting       | |  3.2
Dodging        | |  2.6

Action                   |  1- 3 |  4- 6 |  7- 9 | 10-12 || total
-------------------------+-------+-------+-------+-------++-------
Melee: Hand axe          |   112 |   151 |       |       ||   263
       Tailslap          |    14 |    27 |    58 |    26 ||   125
       War axe           |       |    80 |   424 |   124 ||   628
Invok: Trog's Hand       |     1 |       |       |     3 ||     4
       Berserk           |       |     2 |     5 |     2 ||     9
       Brothers in Arms  |       |       |       |     1 ||     1
 Abil: Breathe Noxious F |       |       |       |     2 ||     2
Evoke: Wand              |       |       |     1 |       ||     1
  Use: Scroll            |     6 |     2 |     3 |     2 ||    13
       Potion            |     1 |     2 |     5 |     2 ||    10
 Stab: Sleeping          |     1 |     2 |     2 |       ||     5
       Distracted        |       |       |     1 |       ||     1
       Confused          |       |       |       |     1 ||     1
  Eat: Chunk             |     1 |     7 |    10 |     3 ||    21
       Ration            |       |       |     2 |     1 ||     3
Armor: Skin              |    36 |    65 |   110 |    28 ||   239
Dodge: Dodged            |    59 |   161 |   210 |    78 ||   508
